 Dungeon Crawl Stone Soup version 0.22-a0-283-g1871b15 (webtiles) character file.

1709 Amnesiac the Thaumaturge (level 9, -4/48 HPs)
             Began as a Tengu Air Elementalist on Mar 19, 2018.
             Was a Believer of Sif Muna.
             Slain by a centaur (5 damage)
             ... on level 6 of the Dungeon.
             The game lasted 00:11:23 (5845 turns).

Amnesiac the Thaumaturge (Tengu Air Elementalist)   Turns: 5845, Time: 00:11:24

Health: -4/48      AC:  7    Str:  8    XL:     9   Next: 3%
Magic:  1/22       EV: 14    Int: 18    God:    Sif Muna [**....]
Gold:   275        SH:  0    Dex: 16    Spells: 21/25 levels left

rFire    + . .     SeeInvis +   e - +1 war axe (venom)
rCold    + . .     Gourm    .   (no shield)
rNeg     . . .     Faith    .   d - +3 leather armour
rPois    .         Spirit   .   (helmet restricted)
rElec    .         Reflect  .   h - scarf {rC+ rF+}
rCorr    .         Harm     .   (no gloves)
MR       .....                  (boots unavailable)
Stlth    ++........             (no amulet)
HPRegen  0.16/turn              l - +1 ring of protection
MPRegen  0.18/turn              n - ring of see invisible

@: flying quickly and evasively, no casting, quick
A: beak, talons 3, able to fly 1
a: Stop Divine Energy, Renounce Religion


You were on level 6 of the Dungeon.
You worshipped Sif Muna.
Sif Muna was pleased with you.
You were very hungry.

You visited 2 branches of the dungeon, and saw 7 of its levels.

You collected 275 gold pieces.

Inventory:

Hand Weapons
 e - a +1 war axe of venom (weapon)
Missiles
 k - 2 curare-tipped needles
Armour
 d - a +3 leather armour (worn)
 h - a scarf of resistance (worn)
Jewellery
 l - a +1 ring of protection (left hand)
 n - a ring of see invisible (right hand)
Scrolls
 a - a scroll of teleportation {!r}
 i - 7 scrolls of remove curse {!r}
 o - 2 scrolls of enchant armour {!r}
 p - a scroll of blinking {!r, unknown}
Potions
 b - a potion of haste {!q, unknown}
 f - a potion of magic {!q}
 g - a potion of invisibility {!q}
 j - 2 potions of curing {!q}
 m - a potion of agility {!q}
 q - 4 potions of cancellation {!q}
 r - 4 potions of flight {!q}
 t - 2 potions of lignification {!q}
 u - a potion of mutation {!q, unknown}
Comestibles
 c - 6 rations
 s - 7 chunks of flesh


   Skills:
 - Level 1.8 Fighting
 - Level 2.2 Dodging
 - Level 2.0 Stealth
 * Level 8.7 Spellcasting
   Level 1.3 Conjurations
 + Level 8.7 Air Magic


You had 21 spell levels left.
You knew the following spells:

 Your Spells              Type           Power        Failure   Level  Hunger
a - Airstrike             Air            #####.....   3%          4    ###....


Dungeon Overview and Level Annotations

Branches:
Dungeon (6/15)             Temple (1/1) D:4

Altars:
Ashenzari
Cheibriados
Dithmenos
Elyvilon
Fedhas
Gozag
Hepliaklqana
Kikubaaqudgha
Makhleb
Nemelex Xobeh
Okawaru
Qazlal
Ru
Sif Muna
Uskayaw
Vehumet
Wu Jian
Xom
Yredelemnul
The Shining One


Innate Abilities, Weirdness & Mutations

You have a beak for a mouth.
You have claws for feet.
You can fly.


Message History

The air twists around and strikes the ogre!
The ogre is severely wounded.
You hear a shout!
A centaur comes into view.
Casting: Airstrike (safe; 4% risk of failure)
Confirm with . or Enter, or press ? or * to list all spells.
Aiming: Airstrike (safe; 4% risk of failure)
Press: ? - help, Dir - move target cursor, f/p - ogre
Aim: an ogre, wielding a giant club (severely wounded)
The air twists around and strikes the ogre!
The ogre is almost dead.
Casting: Airstrike (safe; 4% risk of failure)
Confirm with . or Enter, or press ? or * to list all spells.
Aiming: Airstrike (safe; 4% risk of failure)
Press: ? - help, Dir - move target cursor, f/p - ogre
Aim: an ogre, wielding a giant club (almost dead)
The air twists around and strikes the ogre!
You kill the ogre!
Sif Muna accepts your kill.
You have reached level 9!
Your experience leads to an increase in your attributes!
Increase (S)trength, (I)ntelligence, or (D)exterity?
You feel clever.
The centaur wields a shortbow.
The centaur shoots an arrow.
The arrow hits you but does no damage.
The centaur shoots an arrow.
The arrow hits you!
* * * LOW HITPOINT WARNING * * *
You swoop lightly up into the air.
You feel very comfortable in the air.
You feel somewhat more hungry.
The centaur shoots an arrow.
The arrow hits you but does no damage.
The centaur shoots an arrow.
The arrow hits you.
* * * LOW HITPOINT WARNING * * *
You see here an arrow.
The centaur unwields an uncursed shortbow.
The centaur hits you!
* * * LOW HITPOINT WARNING * * *
Found a stone staircase leading down.
You closely miss the centaur. The centaur barely misses you. x2
The centaur hits you.
* * * LOW HITPOINT WARNING * * *
Casting: Airstrike (safe; 3% risk of failure)
Confirm with . or Enter, or press ? or * to list all spells.
Aiming: Airstrike (safe; 3% risk of failure)
Press: ? - help, Dir - move target cursor, f - centaur
Aim: a centaur The air twists around and strikes the centaur!
The centaur is moderately wounded.
You are feeling very hungry.
Sif Muna grants you divine energy.
You briefly lose access to your magic!
The centaur hits you.
* * * LOW HITPOINT WARNING * * *
You are unable to access your magic!
You are unable to access your magic!
You are unable to access your magic!
You hit the centaur but do no damage.
The centaur is poisoned.
The centaur is moderately wounded.
The centaur hits you!
* * * LOW HITPOINT WARNING * * *
The centaur barely misses you.
Really quaff
j - 3 potions of curing {!q}?
You feel better. The centaur hits you!
* * * LOW HITPOINT WARNING * * *
The centaur hits you.
You die...

#... #...# #...# ##
#...# ###?## .
######...######....#...
#....[........#.......>
..............((@c.#
##............(#..).....
#####.).######........
#.(......# #........
#(##.....# #........
#.##.....# #........
#.##....## #........
#.......### ########.
#)#.......#


You could see a centaur.

Vanquished Creatures
  An orc warrior (D:6)
  An ice beast (D:4)
  2 ogres
  A phantom (D:4)
  2 centaurs
  A bullfrog (D:6)
  2 scorpions
  2 crimson imps
  2 jellies (D:5)
  An orc priest (D:6)
  A bullfrog skeleton (D:5)
  A hound (D:5)
  7 orc wizards
  Natasha (thrice) (D:3 D:5)
  7 worker ants
  A hound zombie (D:5)
  Robin (D:2)
  8 gnolls
  A howler monkey zombie (D:5)
  8 adders
  2 oozes
  An adder skeleton (D:6)
  A worm (D:2)
  A dart slug (D:3)
  4 leopard geckos
  14 orcs
  4 giant cockroaches
  14 goblins
  4 hobgoblins
  2 jackals (D:4)
  2 quokkas (D:4)
  2 ball pythons
  11 bats
  7 frilled lizards
  6 kobolds
  A leopard gecko skeleton (D:4)
  A leopard gecko zombie (D:5)
  A quokka skeleton (D:4)
  6 rats
137 creatures vanquished.

Notes
Turn   | Place    | Note
-------+----------+-------------------------------------------
     0 | D:1      | Amnesiac the Tengu Air Elementalist began the quest for the Orb.
     0 | D:1      | Reached XP level 1. HP: 10/10 MP: 4/4
   183 | D:1      | Reached XP level 2. HP: 15/16 MP: 4/6
   566 | D:1      | Reached skill level 1 in Fighting
   608 | D:2      | Reached XP level 3. HP: 15/20 MP: 3/7
   739 | D:2      | Found a radiant altar of Vehumet.
   791 | D:2      | Reached skill level 5 in Air Magic
   883 | D:2      | Noticed Robin
   939 | D:2      | HP: 1/20 [goblin/stone[Robin] (1)]
   969 | D:2      | Killed Robin
   969 | D:2      | Reached XP level 4. HP: 3/25 MP: 0/8
  1030 | D:2      | Learned a level 4 spell: Airstrike
  1610 | D:3      | Noticed Natasha
  1612 | D:3      | Killed Natasha
  1876 | D:3      | Gained mutation: You can fly. [Tengu growth]
  1876 | D:3      | Reached XP level 5. HP: 14/30 MP: 4/10
  2173 | D:3      | Noticed a centaur
  2222 | D:3      | Killed a centaur
  2222 | D:3      | Reached XP level 6. HP: 28/35 MP: 1/12
  2508 | D:3      | Found an opulent altar of Gozag.
  2509 | D:3      | Found a stormy altar of Qazlal.
  3110 | D:4      | Found a glowing golden altar of the Shining One.
  3119 | D:4      | Reached XP level 7. HP: 26/39 MP: 4/14
  3321 | D:4      | Found a faded altar of an unknown god.
  3323 | D:4      | Found a staircase to the Ecumenical Temple.
  3340 | Temple   | Entered the Ecumenical Temple
  3542 | Temple   | Became a worshipper of Sif Muna the Loreminder
  3810 | D:4      | Found an ornate altar of the Wu Jian Council.
  4209 | D:4      | Reached skill level 5 in Spellcasting
  4515 | D:4      | Found a burning altar of Makhleb.
  4575 | D:5      | Entered Level 5 of the Dungeon
  4653 | D:5      | Reached * piety under Sif Muna
  4653 | D:5      | Reached XP level 8. HP: 44/44 MP: 0/17
  4774 | D:5      | Found a sparkling altar of Nemelex Xobeh.
  4812 | D:5      | Noticed Natasha
  4814 | D:5      | Killed Natasha
  4840 | D:5      | Noticed Natasha
  4843 | D:5      | Killed Natasha
  5662 | D:6      | Reached ** piety under Sif Muna
  5836 | D:6      | Reached XP level 9. HP: 33/48 MP: 5/22
  5844 | D:6      | HP: 1/48 [centaur (8)]
  5845 | D:6      | Slain by a centaur

Vault maps used:
D:1:      tarquinn_simple_flora_water_d
D:2:      fiery_altar_vehumet, first_ration, minmay_tiny_reverse_x, uniq_robin
D:3:      grunt_gozag_breadcrumbs, grunt_qazlal_clouds, uniq_natasha
D:4:      overflow_temple_1_default, kennysheep_mini_moat, bloody_makhleb,
          nicolae_temple_entry_ecumenical, nzn_random_ring
D:5:      nemelex_xobeh_ov_fountains_minmay
D:6:      grunt_dithmenos_shadows
Temple:   nicolae_temple_figure_eight

Skill      XL: |  1  2  3  4  5  6  7  8 |
---------------+-------------------------+-----
Fighting       | 1 |  1.8
Air Magic      | 5 6 7 8 |  8.7
Spellcasting   | 3 4 5 8 |  8.7
Dodging        | |  2.2
Stealth        | |  2.0
Conjurations   | |  1.3

Action                   |  1- 3 |  4- 6 |  7- 9 || total
-------------------------+-------+-------+-------++-------
Melee: Unarmed           |     4 |       |       ||     4
       Peck              |     5 |     7 |     7 ||    19
       Dagger            |     4 |    26 |       ||    30
       Kick              |     2 |     9 |    12 ||    23
       War axe           |       |    10 |    72 ||    82
 Cast: Shock             |    69 |    45 |       ||   114
       Airstrike         |       |    18 |    75 ||    93
Invok: Divine Energy     |       |       |     1 ||     1
 Abil: Fly               |       |       |     1 ||     1
  Use: Scroll            |     2 |    10 |     3 ||    15
       Potion            |       |     2 |     2 ||     4
 Stab: Invisible         |       |     1 |       ||     1
       Distracted        |       |       |     1 ||     1
  Eat: Chunk             |     1 |    11 |    16 ||    28
       Ration            |       |       |     1 ||     1
Armor: Robe              |     3 |    14 |     4 ||    21
       Leather armour    |       |       |    31 ||    31
Dodge: Dodged            |    24 |    60 |    56 ||   140

Table legend:
 A = Spawn XP
 B = Non-spawn XP
 C = Spawn XP percentage of total XP
 D = Spawn monster count
 E = Non-spawn monster count
 F = Spawn count percentage of total count
 G = Total turns spent on level
                    A         B        C        D         E        F      G
               +---------+---------+-------+---------+---------+-------+---------
         Total |       0 |    2442 |   0.0 |       0 |     137 |   0.0 |  5845
               +---------+---------+-------+---------+---------+-------+---------
           D:1 |       0 |      33 |   0.0 |       0 |      21 |   0.0 |   606
           D:2 |       0 |      74 |   0.0 |       0 |      27 |   0.0 |   983
           D:3 |       0 |     320 |   0.0 |       0 |      19 |   0.0 |  1217
           D:4 |       0 |     721 |   0.0 |       0 |      27 |   0.0 |  1575
           D:5 |       0 |     550 |   0.0 |       0 |      22 |   0.0 |   801
           D:6 |       0 |     744 |   0.0 |       0 |      21 |   0.0 |   443
               +---------+---------+-------+---------+---------+-------+---------
